 Dungeon Crawl Stone Soup version 0.31-a0-263-ge8cad7f256 (webtiles) character file.

Game seed: 8766045916541683226

46 qw the Shooter (level 3, -2/21 HPs)
             Began as a Gargoyle Hexslinger on July 13, 2023.
             Slain by an iguana (4 damage)
             ... on level 4 of the Dungeon.
             The game lasted 00:00:29 (1433 turns).

qw the Shooter (Gargoyle Hexslinger)                Turns: 1433, Time: 00:00:29

Health: -2/21      AC:  8    Str:  9 (11) XL:     3   Next: 66%
Magic:  4/4        EV: 10    Int: 11 (13) God:
Gold:   115        SH:  0    Dex: 11 (14) Spells: 3/4 levels left

rFire   . . .        Y - +1 sling
rCold   . . .        (no shield)
rNeg    + . .        a - +0 ring mail
rPois   inf          (no helmet)
rElec   +            (no cloak)
rCorr   .            (no gloves)
SInv    .            (no boots)
Will    .....        (no amulet)
Stlth   +            (no ring)
HPRegen 0.23/turn    (no ring)
MPRegen 0.09/turn

%: no passive effects
@: no status effects
A: sickness immunity, AC +3, negative energy resistance 1, electricity
resistance, torment resistance 1, petrification resistance
a: no special abilities


You were on level 4 of the Dungeon.
You visited 1 branch of the dungeon, and saw 4 of its levels.

You collected 115 gold pieces.


Innate Abilities, Weirdness & Mutations

You are immune to sickness and miasma.
Your stone body is resilient. (AC +3)
You are immune to poison.
You resist negative energy. (rN+)
You are resistant to electric shocks. (rElec)
You are resistant to unholy torment.
You are immune to petrification.


   Skills:
 - Level 2.2 Fighting
 + Level 3.4 Ranged Weapons
 - Level 1.5 Dodging
 - Level 1.0 Spellcasting
 - Level 2.6 Hexes


You had 3 spell levels left.
You knew the following spells:

 Your Spells              Type           Power      Damage    Failure   Level
a - Slow                  Hex            24%        N/A       30%         1

Your spell library contained the following spells:

 Spells                   Type           Power      Damage    Failure   Level
 Inner Flame              Hex/Fire       3%         N/A       83%         3
 Portal Projectile        Hex/Tloc       6%         N/A       83%         3
 Cause Fear               Hex            3%         N/A       96%         4

Inventory:

Hand Weapons
 Y - a +1 sling (weapon)
Armour
 a - a +0 ring mail (worn)
Potions
 b - a potion of haste {unknown}
 d - a potion of enlightenment {unknown}
 g - a potion of ambrosia {unknown}
 h - 2 potions of curing
 i - a potion of might {unknown}
 k - a potion of heal wounds {unknown}
 l - a potion of magic {unknown}

Dungeon Overview and Level Annotations

Branches:
Dungeon (3/15)

Altars:
Wu Jian


Message History

You shoot a sling bullet. The sling bullet hits the orc.
The orc is almost dead.
The orc barely misses you. x2
You shoot a sling bullet. The sling bullet hits the orc!
You kill the orc!
Things that are here:
a +0 club; an orc corpse You now have 113 gold pieces (gained 9).
Found a mace.
You see here a +0 mace.
A ball python comes into view.
You shoot a sling bullet. The sling bullet hits the ball python.
You kill the ball python!
You now have 115 gold pieces (gained 2).
Found a stone staircase leading down.
Enter note:
There is a stone staircase leading down here.
A sourceless malevolence fills the Dungeon...
You fall into a shaft and drop 1 floor!
The shaft crumbles and collapses.
An iguana comes into view.
The iguana hisses angrily.
Waypoint 3 assigned to D:4.
You shoot a sling bullet.
The sling bullet hits the iguana but does no damage.
The iguana closely misses you.
You shoot a sling bullet. The sling bullet hits the iguana.
The iguana is moderately wounded.
The iguana bites you!
You shoot a sling bullet. The sling bullet hits the iguana.
The iguana is heavily wounded.
The iguana bites you. The iguana bites you!
You shoot a sling bullet.
The sling bullet barely misses the iguana.
The iguana bites you.
You shoot a sling bullet.
The sling bullet closely misses the iguana.
The iguana barely misses you.
You shoot a sling bullet.
The sling bullet closely misses the iguana.
The iguana closely misses you. The iguana bites you.
You die...

## #. ##. #..
##.. #/..##
#...### #..@..##
#.l#...##
#..#....###
#..#......##
#..#.......##
#..#........##
#..##........###
#.. #..........#
#...........


You could see an iguana.

Vanquished Creatures
  An adder (D:2)
  2 worms (D:2)
  A dart slug (D:1)
  5 orcs
  2 bats
  2 endoplasms
  A giant cockroach (D:2)
  A goblin (D:1)
  A hobgoblin (D:2)
  A kobold (D:1)
  A quokka (D:1)
  4 ball pythons
  A rat (D:2)
23 creatures vanquished.

Notes
Turn   | Place    | Note
-------+----------+-------------------------------------------
     0 | D:1      | qw the Gargoyle Hexslinger began the quest for the Orb.
     0 | D:1      | Reached XP level 1. HP: 12/12 MP: 2/2
     0 | D:1      | 0 ||| qw: Version: 0.3-a-52-g30416fa
     0 | D:1      | 0 ||| qw: Game counter: 7394
     0 | D:1      | 0 ||| qw: Melee chars always use a shield: true
     0 | D:1      | 0 ||| qw: God list: Okawaru
     0 | D:1      | 0 ||| qw: Allow faded altars: false
     0 | D:1      | 0 ||| qw: Do Orc after clearing Dungeon:15 true
     0 | D:1      | 0 ||| qw: Do second Lair branch before Depths: true
     0 | D:1      | 0 ||| qw: Lair rune preference: random
     0 | D:1      | 0 ||| qw: Goals: Normal
     0 | D:1      | 0 ||| PLANNING D:1-11
   228 | D:1      | Reached XP level 2. HP: 16/16 MP: 3/3
   428 | D:1      | 428 ||| READING scroll labelled RAERUI PEKE.
   429 | D:1      | 429 ||| DROPPING scroll of poison.
   458 | D:2      | Reached skill level 3 in Ranged Weapons
   465 | D:2      | 465 ||| FLEEEEING.
   466 | D:2      | 466 ||| FLEEEEING.
   467 | D:2      | 467 ||| FLEEEEING.
   470 | D:2      | 470 ||| STAIRDANCE
   571 | D:2      | Reached XP level 3. HP: 14/21 MP: 4/4
   766 | D:2      | Found an ornate altar of the Wu Jian Council.
  1103 | D:2      | HP: 4/21 [worm (10)]
  1271 | D:2      | 1271 ||| UPGRADING to +0 ring mail.
  1281 | D:2      | 1281 ||| DROPPING +0 robe.
  1282 | D:2      | 1282 ||| DROPPING amulet of magic regeneration.
  1283 | D:2      | 1283 ||| READING scroll labelled HERHONTEOD.
  1284 | D:2      | 1284 ||| READING scroll labelled YGEAGH MANYCI.
  1285 | D:2      | 1285 ||| DRINKING 2 silvery potions.
  1286 | D:2      | 1286 ||| DRINKING 3 white potions.
  1287 | D:2      | 1287 ||| DROPPING potion of degeneration.
  1416 | D:3      | You fall into a shaft and drop 1 floor!
  1430 | D:4      | HP: 3/21 [iguana (7)]
  1433 | D:4      | Slain by an iguana

Levels and vault maps discovered:
D:1:      dpeg_arrival_arbitrary_c, layout_rooms
D:2:      layout_loops_ring, basic_altar
D:3:      layout_basic, mainiacjoe_overflow_boulevard, vehumet_crystals,
          shapermc_ecumenical_altar_mp_ritualfount, dreamdust_princess_corridor,
          minmay_crystal_room, lexackson_kobold_supper
D:4:      layout_cave_pods, serial_shops, kennysheep_little_box

Skill      XL: |  1  2 |
---------------+-------+-----
Ranged Weapons | 3 |  3.4
Fighting       | 2 |  2.2
Dodging        | |  1.5
Spellcasting   | |  1.0
Hexes          | |  2.6

Action                     || total
---------------------------++-------
   Fire: Sling             ||    92
    Use: Scroll            ||     3
         Potion            ||     2
 Armour: Robe              ||     3
         Ring mail         ||     2
  Dodge: Dodged            ||    27

Table legend:
 A = Non-vault XP
 B = Vault XP
 C = Vault XP percentage of total XP
 D = Non-vault monster count
 E = Vault monster count
 F = Vault count percentage of total count
                 A         B        C        D         E       F
            +---------+---------+-------+---------+---------+-------
      Total |      66 |       0 |   0.0 |      23 |       0 |   0.0
            +---------+---------+-------+---------+---------+-------
        D:1 |      17 |       0 |   0.0 |       8 |       0 |   0.0
        D:2 |      43 |       0 |   0.0 |      12 |       0 |   0.0
        D:3 |       6 |       0 |   0.0 |       3 |       0 |   0.0
            +---------+---------+-------+---------+---------+-------
